AoeStats
← AiM | CanvaL

Arabia

510091533Analyzed
1v1 RM · 3d ago on Sep 29, 2026· 44m 3s· 2 players
Game mode
Random Map
Map size
Tiny (2 player)
Population
200
Speed
Normal
Resources
Standard
Victory
Conquest
Starting age
Dark Age
Ending age
Imperial Age
RankedLock teamsTeams togetherTeam positionsShared explorationLock speedFull tech treeHidden civsTurbo modeCheats
Victory
Defeat
🇮🇳 Burgundians · India
1468
+18
🇨🇱 Portuguese · Chile
1513
-18
FK
4:19 Double-Bit Axe
6:45 Loom
9:30 Feudal Age
10:41 Bow Saw
11:01 Horse Collar
13:50 Town Watch
15:21 Fletching
23:53 Castle Age
22:36 Scale Barding Armor
23:55 Cavalier
26:18 Forging
27:09 Chain Barding Armor
31:00 Wheelbarrow
31:23 Bodkin Arrow
34:44 Heavy Plow
35:08 Hand Cart
39:27 Imperial Age
38:59 Iron Casting
38:24 Padded Archer Armor
39:30 Paladin
40:54 Plate Barding Armor
41:25 Chemistry
43:56 Blast Furnace
AiM | CanvaL
3:51 Loom
6:19 Loom
9:12 Feudal Age
9:26 Man-at-Arms
13:06 Town Watch
13:46 Double-Bit Axe
14:16 Fletching
24:13 Castle Age
22:29 Padded Archer Armor
22:18 Horse Collar
24:17 Gold Mining
24:14 Crossbowman
25:13 Bodkin Arrow
32:29 Ballistics
33:39 Scale Mail Armor
33:49 Forging
34:31 Wheelbarrow
33:31 Pikeman
39:00 Arson
41:11 Chain Mail Armor
Connection lost

Rejoining the realm…

Still unreachable

The connection could not be restored.

Session expired

The server has moved on; the page needs a fresh start.